 Dungeon Crawl Stone Soup version 0.21-a0-88-g13b9641 (webtiles) character file.

52 Ijustatesigmund the Sneak (level 3, 0/25 HPs)
             Began as an Octopode Assassin on June 26, 2017.
             Succumbed to an adder's poison
             ... on level 2 of the Dungeon.
             The game lasted 00:02:11 (1041 turns).

Ijustatesigmund the Sneak (Octopode Assassin)       Turns: 1041, Time: 00:02:12

Health: 0/25       AC:  1    Str: 10    XL:     3   Next: 85%
Magic:  3/3        EV: 14    Int: 13    God:
Gold:   29         SH:  0    Dex: 14    Spells: 2/2 levels left

rFire    . . .     SeeInvis .   a - +3 dagger
rCold    . . .     Gourm    .   (no shield)
rNeg     . . .     Faith    .   (helmet restricted)
rPois    .         Spirit   .   (no amulet)
rElec    .         Reflect  .   (no ring)
rCorr    .         Harm     .   (no ring)
MR       .....                  (no ring)
Stlth    ++++......             (no ring)
HPRegen  0.08/turn              (no ring)
MPRegen  0.08/turn              (no ring)
                                (no ring)
                                (no ring)

@: lethally poisoned (0 -> -4)
A: almost no armour, stealthy swim, amphibious, 8 rings, constrict 8, camouflage
1, gelatinous body 1
a: no special abilities


You were on level 2 of the Dungeon.
You were not hungry.

You visited 1 branch of the dungeon, and saw 2 of its levels.

You collected 29 gold pieces.

Inventory:

Hand Weapons
 a - a +3 dagger (weapon)
 b - a +0 blowgun
Missiles
 c - 8 poisoned needles
 d - 9 curare-tipped needles
 k - a throwing net (quivered)
Armour
 h - a +0 shield
Comestibles
 f - 2 bread rations
 i - a meat ration
 l - 4 fruits


   Skills:
 + Level 2.3 Fighting
 + Level 2.9 Short Blades
 - Level 2.0 Throwing
 + Level 2.4 Dodging
 - Level 5.3 Stealth


You had 2 spell levels left.
You didn't know any spells.

Dungeon Overview and Level Annotations

Branches:
Dungeon (2/15)

Altars:


Innate Abilities, Weirdness & Mutations

You cannot wear most types of armour.
You are very stealthy in the water. (Stealth+)
You are amphibious.
You can wear up to eight rings at the same time.
You can use your tentacles to constrict eight enemies at once.
Your skin changes colour to match your surroundings (Stealth+).
Your rubbery body absorbs attacks. (AC +1, EV +1)


Message History

You see here an adder corpse.
* * * LOW HITPOINT WARNING * * *
You feel sick.
You see here an adder corpse.
As you read the scroll labeled RUDDIY MEEFONT, it crumbles to dust.
It is a scroll of enchant weapon.
Your +2 dagger glows red for a moment.
* * * LOW HITPOINT WARNING * * *
You feel sick.
As you read the scroll labeled TEAMOYSEFA, it crumbles to dust.
It is a scroll of recharging.
You aren't carrying any rechargeable items.
As you read the scroll labeled WUSANN SOUDOTUA, it crumbles to dust.
You feel blessed for a moment.
It was a scroll of remove curse.
There is a lethal amount of poison in your body!
* * * LOW HITPOINT WARNING * * *
You feel sick.
* * * LOW HITPOINT WARNING * * *
You feel sick.
You die...

......## .. ...<...# #>.
# # ......####.. #.#.
#..#......
#...##......^###.#
###............[..
..............#######
........@...........#####
................###....<.
......###.....#.# #......
.....# #.....#.###......
..... #.....#..........
.... #......†..#......
#.. #...#####........ ...
#.....# ##.......
##.######.....# ##......


There were no monsters in sight!

Vanquished Creatures
  3 adders (D:2)
  2 dart slugs (D:1)
  A ball python (D:2)
  A bat (D:1)
  2 giant cockroaches (D:1)
  5 goblins (D:1)
  2 hobgoblins
  2 frilled lizards (D:1)
  A kobold (D:1)
  2 rats (D:1)
21 creatures vanquished.

Notes
Turn   | Place    | Note
-------+----------+-------------------------------------------
     0 | D:1      | Ijustatesigmund the Octopode Assassin began the quest for the Orb.
     0 | D:1      | Reached XP level 1. HP: 14/14 MP: 1/1
   344 | D:1      | Reached XP level 2. HP: 19/19 MP: 2/2
   782 | D:2      | Reached XP level 3. HP: 17/24 MP: 3/3
  1037 | D:2      | HP: 1/25 [poisoned by an adder]
  1041 | D:2      | Succumbed to an adder's poison

Vault maps used:
D:1:      matt_arrival_diagonals
D:2:      nicolae_overflow_hidden_temple, uniq_terence

Skill      XL: |  1  2 |
---------------+-------+-----
Dodging        | 2 |  2.4
Fighting       | |  2.3
Short Blades   | |  2.9
Throwing       | |  2.0
Stealth        | |  5.3

Action                   || total
-------------------------++-------
Melee: Dagger            ||    35
       Constrict         ||     6
       Tentacles         ||     8
  Use: Scroll            ||     3
 Stab: Sleeping          ||     9
Armor: Skin              ||     1
Dodge: Dodged            ||     9
